 Dungeon Crawl Stone Soup version 0.19.1 (webtiles) character file.

155 Gargoyl the Skirmisher (level 5, -1/61 HPs)
             Began as a Demonspawn Abyssal Knight on Nov 28, 2016.
             Was a Believer of Lugonu.
             Killed by divine providence
             ... invoked by an orc priest
              (16 damage)
             ... on level 3 of the Dungeon.
             The game lasted 00:05:13 (3138 turns).

Gargoyl the Skirmisher (Demonspawn Abyssal Knight)  Turns: 3138, Time: 00:05:14

Health: -1/61      AC: 11    Str: 19    XL:     5   Next: 14%
Magic:  7/7        EV:  8    Int: 13    God:    Lugonu [**....]
Gold:   148        SH:  4    Dex: 16    Spells: 0 memorised, 4 levels left

rFire  . . .     SeeInvis .     a - +1 hand axe
rCold  . . .     Gourm    .     e - +0 plate armour
rNeg   . . .     Faith    .     (no shield)
rPois  .         Spirit   .     (no helmet)
rElec  .         Reflect  .     (no cloak)
rCorr  .         Harm     .     (no gloves)
MR     .....                    (no boots)
Stlth  ..........               k - amulet of magic regeneration
                                r - +4 ring of dexterity
                                q - +2 ring of evasion

@: berserking, drained, very quick
A: claws 1, large bone plates 1, powered by pain 1, rot immunity
a: Depart the Abyss, Bend Space, Renounce Religion


You were on level 3 of the Dungeon.
You worshipped Lugonu.
Lugonu was pleased with you.
You were not hungry.

You visited 1 branch of the dungeon, and saw 4 of its levels.
You visited the Abyss 1 time.

You collected 148 gold pieces.

Inventory:

Hand Weapons
 a - a +1 hand axe (weapon)
 d - a +0 battleaxe
Missiles
 g - 7 tomahawks (quivered)
 p - 5 poisoned javelins
Armour
 e - a +0 plate armour (worn)
Jewellery
 k - an amulet of magic regeneration (around neck)
 q - a +2 ring of evasion (left claw)
 r - a +4 ring of dexterity (right claw)
 s - an uncursed ring of protection from cold
Potions
 f - a potion of berserk rage
 i - a potion of haste {unknown}
 n - a potion of lignification {unknown}
 o - a potion of flight {unknown}
 w - a potion of invisibility {unknown}
 z - a potion of brilliance {unknown}
Comestibles
 b - 4 meat rations
 c - 3 bread rations
 h - 2 royal jellies
 j - 2 chunks of flesh
 l - 2 fruits


   Skills:
 + Level 3.6(3.4) Fighting
 + Level 3.0(2.8) Axes
 * Level 3.3(3.1) Armour
 + Level 0.8(0.6) Dodging
 * Level 3.4(3.2) Invocations


You had 4 spell levels left.
You didn't know any spells.

Dungeon Overview and Level Annotations

Branches:
Dungeon (4/15)
 Temple: D:4-7

Altars:
Sif Muna
Uskayaw

Annotations:
D:4 Sigmund


Innate Abilities, Weirdness & Mutations

You have sharp fingernails.
You are partially covered in large bone plates. (SH +4)
You sometimes gain a little power by taking damage.
You are immune to rotting.


Message History

You feel yourself moving faster!
You feel mighty!
The kobold shouts!
The gnoll shaman hits you but does no damage.
You closely miss the orc priest. You completely miss the gnoll shaman.
You completely miss the giant cockroach.
The gnoll shaman calls down the wrath of its god upon you.
You resist with some effort.
The giant cockroach bites you but does no damage.
The orc hits you from afar with a trident.
* * * LOW HITPOINT WARNING * * *
The orc priest barely misses you.
You closely miss the orc priest. You slash the gnoll shaman!
You closely miss the kobold. You hit the giant cockroach.
You kill the giant cockroach!
Lugonu accepts your kill. The kobold hits you but does no damage.
The gnoll shaman hits you but does no damage.
The orc priest invokes the aid of Beogh against you.
Beogh smites you!
You die...

..............
.#..!<.........
...............
.........o.....
....o....o.....
.........o.....
...............
..K.K..@o......
......Kg.......
...............
..........K....
......$........
........................
........................
.....s..................
...........


You could see a gnoll shaman, 2 orc priests, an orc wizard, 2 orcs, a giant
cockroach (wandering) and 4 kobolds.

Vanquished Creatures
  A centaur skeleton (D:3)
  3 adders
  3 gnolls
  An ooze (D:1)
  A worm (D:2)
  A dart slug (D:1)
  2 leopard geckos
  2 orcs (D:3)
  4 bats
  4 giant cockroaches
  11 hobgoblins
  A jackal (D:3)
  A quokka (D:2)
  4 frilled lizards
  4 goblins
  4 kobolds (D:1)
  19 rats
66 creatures vanquished.

Notes
Turn   | Place    | Note
-------+----------+-------------------------------------------
     0 | Abyss:1  | Gargoyl the Demonspawn Abyssal Knight began the quest for the Orb.
     0 | Abyss:1  | Reached XP level 1. HP: 18/18 MP: 2/2
   217 | Abyss:1  | Noticed a glowing orange brain
   277 | Abyss:2  | Noticed an ice devil
   278 | Abyss:2  | Noticed a glowing orange brain
   300 | Abyss:3  | Noticed a neqoxec
   314 | Abyss:3  | Noticed a large abomination
   318 | Abyss:3  | Noticed a shadow dragon zombie
   321 | D:1      | Escaped the Abyss
   370 | D:1      | Gained mutation: You sometimes gain a little power by taking damage. [demonic ancestry]
   370 | D:1      | Reached XP level 2. HP: 12/24 MP: 3/3
   547 | D:1      | Reached * piety under Lugonu
   729 | D:1      | Gained mutation: You are immune to rotting. [demonic ancestry]
   729 | D:1      | Reached XP level 3. HP: 25/29 MP: 5/5
  1901 | D:2      | Gained mutation: You are partially covered in large bone plates. (SH +4) [demonic ancestry]
  1901 | D:2      | Reached XP level 4. HP: 11/36 MP: 6/6
  2458 | D:3      | Reached ** piety under Lugonu
  2809 | D:3      | Found a hide-covered altar of Uskayaw.
  3059 | D:3      | Found a deep blue altar of Sif Muna.
  3088 | D:4      | Gained mutation: You have sharp fingernails. [demonic ancestry]
  3088 | D:4      | Reached XP level 5. HP: 37/41 MP: 7/7
  3130 | D:4      | Noticed Sigmund
  3138 | D:3      | Killed from afar by an orc priest

Skill      XL: |  1  2  3  4 |
---------------+-------------+-----
Armour         | 2 3 |  3.3
Axes           | 2 3 |  3.0
Invocations    | 3 |  3.4
Fighting       | |  3.6
Dodging        | |  0.8

Action                   |  1- 3 |  4- 6 || total
-------------------------+-------+-------++-------
Melee: Hand axe          |   137 |    88 ||   225
Invok: Depart the Abyss  |     1 |       ||     1
  Use: Scroll            |     3 |     8 ||    11
       Potion            |       |     1 ||     1
  Eat: Chunk             |     3 |     4 ||     7
Armor: Plate armour      |   113 |    70 ||   183
Dodge: Dodged            |    39 |    19 ||    58
Block: Other             |       |    24 ||    24
